Map: Abyssal Reef LE

Players

TWBolek - Winner!

  • Race: Terran Terran
  • League: Diamond
  • Spawn Location: 11:00

Mika

  • Race: Protoss Protoss
  • League: Diamond
  • Spawn Location: 5:00

VOD

Have the link to the VOD?

Description

Time

  • Played on: Jan. 5, 2018, 7:41 a.m.
  • Length: 12:53
Show
View Real Time Build Order
Export as new Build Order

TWBolek Terran - Winner!

Build Orders: Cyclone Opening, Mech 

Get SALT Encoding   

  12  0:01  SCV  
  13  0:13  SCV  
  14  0:19  Supply Depot  
  14  0:25  SCV  
  15  0:31  Refinery  
  15  0:41  SCV  
  16  0:48  Barracks  
  16  0:53  SCV  
  17  1:05  SCV  
  18  1:17  SCV  
  19  1:37  Reaper, Orbital Command  
  20  1:49  Engineering Bay  
  20  1:58  Factory  
  20  2:07  SCV  
  21  2:09  Barracks Reactor  
  21  2:31  Supply Depot  
  21  2:32  Command Center  
  21  2:34  SCV  
  22  2:38  Refinery  
  22  2:47  Marine  
  23  2:53  Cyclone, Marine  
  23  2:56  SCV  
  28  3:08  SCV  
  29  3:23  Barracks Tech Lab  
  29  3:25  Command Center  
  29  3:28  SCV  
  30  3:43  SCV, Cyclone x2  
  37  3:49  Orbital Command  
  37  3:55  SCV  
  38  4:07  SCV, Factory  
  39  4:15  Factory  
  39  4:17  SCV  
  39  4:19  SCV  
  41  4:26  Engineering Bay  
  41  4:32  SCV x2  
  43  4:44  Barracks Reactor, Supply Depot  
  43  4:45  Supply Depot  
  44  4:48  Supply Depot, Orbital Command  
  44  4:51  SCV  
  44  4:57  Siege Tank  
  47  5:02  SCV  
  47  5:05  SCV  
  48  5:14  Missile Turret  
  48  5:17  Supply Depot  
  48  5:19  Cyclone  
  51  5:22  Supply Depot  
  51  5:26  Refinery  
  51  5:27  SCV, Refinery  
  52  5:34  Siege Tank  
  55  5:38  SCV x2  
  57  5:44  SCV  
  58  5:50  SCV, Armory  
  59  6:07  Armory, Missile Turret x3  
  59  6:08  Missile Turret  
  59  6:10  SCV x2  
  61  6:20  SCV  
  61  6:22  SCV  
  61  6:23  Infernal Pre-Igniter  
  63  6:30  Hellion x3  
  71  6:33  Hellion  
  71  6:35  SCV x2  
  73  6:40  Siege Tank  
  73  6:43  SCV  
  73  6:45  Terran Vehicle Weapons Level 1  
  77  6:53  Hellion  
  77  6:54  Hellion  
  81  6:55  SCV  
  81  6:56  Orbital Command  
  81  6:57  Terran Vehicle And Ship Armor Level 1  
  82  7:07  SCV x2  
  82  7:08  Hellion x2  
  88  7:21  Cyclone  
  88  7:22  Supply Depot  
  91  7:23  Supply Depot  
  91  7:25  Supply Depot  
  91  7:27  SCV x2  
  94  7:31  Refinery  
  94  7:32  Refinery  
  94  7:37  Sensor Tower  
  94  7:43  SCV x3, Factory  
  96  7:44  Factory  
  96  7:55  SCV x3  
  96  7:58  Supply Depot  
  99  8:01  Supply Depot  
  99  8:07  SCV x2  
  99  8:16  Hellion x4  
  99  8:18  Siege Tank  
  99  8:19  SCV x2  
  112  8:35  Factory Tech Lab x2  
  112  8:45  Command Center  
  112  8:48  Command Center  
  112  8:49  Missile Turret  
  112  8:51  Supply Depot  
  112  8:52  Terran Vehicle Weapons Level 2, Terran Vehicle And Ship Armor Level 2  
  112  8:53  Supply Depot  
  112  8:56  SCV x3  
  111  9:12  Hellion x4  
  111  9:13  Siege Tank x3  
  111  9:15  SCV x2  
  130  9:42  Smart Servos  
  130  9:43  Rapid Fire Launchers  
  130  9:45  Siege Tank  
  133  9:51  Hellion x2  
  133  9:52  Siege Tank, Hellion  
  142  10:01  Orbital Command  
  138  10:15  Cyclone x4  
  119  10:37  Cyclone  
  119  10:38  Thor x2  
  127  10:47  Hellion  
  123  10:54  Hellion x3  
  129  11:10  Hellion  
  123  11:22  Hellion x2  
  123  11:23  Siege Tank x2, Hellion  
  133  11:32  Siege Tank  
  134  11:34  Planetary Fortress  
  134  11:55  Siege Tank, Hellion x3  
  133  12:12  Siege Tank x2  
  125  12:31  SCV x3  
Show
View Real Time Build Order
Export as new Build Order

Mika Protoss 

Build Orders:  

Get SALT Encoding   

  12  0:01  Probe  
  13  0:13  Probe  
  14  0:17  Pylon  
  14  0:25  Probe (Chrono Boost)  
  15  0:37  Probe (Chrono Boost)  
  15  0:39  Gateway  
  16  0:44  Probe (Chrono Boost)  
  17  0:50  Assimilator  
  17  0:51  Probe  
  18  1:01  Pylon  
  18  1:05  Probe  
  19  1:17  Probe  
  20  1:29  Probe, Cybernetics Core  
  21  2:03  Stalker (Chrono Boost)  
  21  2:05  Assimilator  
  23  2:12  Warp Gate  
  23  2:15  Probe  
  23  2:27  Robotics Facility  
  22  2:42  Nexus  
  22  2:44  Probe  
  23  2:51  Pylon  
  23  2:58  Gateway  
  23  3:04  Gateway  
  23  3:19  Immortal (Chrono Boost)  
  23  3:26  Probe  
  28  3:39  Probe  
  29  3:48  Immortal (Chrono Boost)  
  33  3:58  Shield Battery  
  33  4:05  Shield Battery  
  33  4:10  Probe x2  
  35  4:19  Observer (Chrono Boost)  
  35  4:22  Probe x2  
  35  4:23  Stalker  
  40  4:31  Stalker  
  42  4:39  Probe (Chrono Boost)  
  42  4:43  Probe (Chrono Boost)  
  44  4:49  Probe (Chrono Boost)  
  46  4:53  Probe (Chrono Boost)  
  46  4:57  Probe  
  47  5:01  Twilight Council  
  47  5:03  Probe (Chrono Boost)  
  47  5:05  Pylon  
  48  5:09  Probe (Chrono Boost)  
  49  5:16  Probe (Chrono Boost)  
  49  5:18  Observer  
  49  5:20  Probe (Chrono Boost)  
  52  5:23  Probe (Chrono Boost)  
  52  5:25  Assimilator x2, Probe (Chrono Boost)  
  54  5:29  Probe  
  54  5:35  Probe, Robotics Bay  
  56  5:41  Probe  
  57  5:43  Charge (Chrono Boost)  
  57  5:47  Probe  
  58  5:56  Probe  
  59  5:57  Pylon x2  
  59  5:59  Pylon, Probe  
  60  6:15  Immortal  
  60  6:16  Nexus  
  64  6:19  Pylon  
  64  6:28  Probe x2  
  66  6:42  Gateway  
  66  6:43  Gateway  
  66  6:46  Gateway  
  66  6:51  Probe x2, Robotics Facility  
  68  6:54  Observer  
  68  7:00  Zealot x2  
  68  7:01  Zealot  
  75  7:05  Probe x2  
  77  7:11  Pylon x2  
  77  7:16  Observer  
  77  7:17  Probe x2  
  77  7:18  Pylon  
  80  7:31  Probe x2  
  80  7:32  Probe  
  80  7:35  Assimilator x2  
  83  7:41  Templar Archives  
  83  7:42  Zealot x3  
  89  7:59  Probe x3  
  89  8:04  Gateway x2  
  82  8:28  Pylon  
  82  8:33  Pylon  
  82  8:34  Pylon x2  
  82  8:46  Stargate  
  82  8:47  Stargate  
  82  8:52  Gateway  
  82  8:58  Stargate  
  76  9:18  Probe x3  
  79  9:30  Void Ray x2  
  87  9:35  Stargate  
  87  9:39  Fleet Beacon  
  87  9:43  Immortal x2  
  87  9:44  Zealot  
  87  9:45  Zealot x5  
  107  9:46  Zealot  
  107  9:49  Probe x3  
  112  10:01  Probe x3  
  113  10:13  Zealot x3, Probe x2  
  111  10:15  Zealot x5  
  111  10:18  Void Ray  
  97  10:38  Immortal x2  
  97  10:39  Zealot x3  
  97  10:40  High Templar x2  
  107  10:45  Archon  
  95  10:54  Zealot x3  
  87  11:06  Stalker x3  
  87  11:08  Void Ray  
  93  11:23  Zealot  
  93  11:24  Zealot x4  
  89  11:33  Immortal  
  89  11:35  High Templar x3  
  89  11:39  Archon  
  99  11:45  High Templar x5  
  109  11:49  Archon x2  
  109  11:53  Archon  
  109  11:55  Immortal  
  99  12:11  Zealot  
  99  12:12  Zealot  
  87  12:21  Zealot  
  87  12:22  Zealot x4  
  91  12:33  High Templar x2  
  95  12:39  Archon  
Tags
 
Composition
Mech
Matchup
PvT
Spawn Locations
Cross Positions
Add a new tag
Caveats
  • Supply blocks, unpowered buildings, or Contaminate may cause inaccurate times.
  • Supply counts are checked every 10 seconds.